 Dungeon Crawl Stone Soup version 0.32-a0-433-g08bcfe7efd (webtiles) character file.

Game seed: 6356881367116614927

778 Sobieck the Shooter (level 7, -1/48 HPs)
             Began as a Coglin Hexslinger on Feb 22, 2024.
             Slain by Pikel
             ... wielding a +0 whip of flaming
              (10 damage)
             ... on level 4 of the Dungeon.
             The game lasted 00:08:04 (3714 turns).

Sobieck the Shooter (Coglin Hexslinger)             Turns: 3714, Time: 00:08:05

Health: -1/48      AC:  2    Str:  8    XL:     7   Next: 85%
Magic:  5/8        EV: 12    Int: 12    God:
Gold:   182        SH:  0    Dex: 19    Spells: 6/8 levels left

rFire   . . .        a - +1 sling {Kasem}
rCold   . . .        j - +0 sling {Ximena}
rNeg    . . .        c - +0 robe
rPois   .            (no helmet)
rElec   .            (no cloak)
rCorr   +            (no gloves)
SInv    .            (no boots)
Will    .....        (no amulet)
Stlth   ++           g - ring of resist corrosion
HPRegen 0.28/turn    (no ring)
MPRegen 0.11/turn

%: no passive effects
@: weak-willed, immotile, jinxed, revved
A: off-hand wielding, slow wielding, warmup strikes, legs shutdown
a: no special abilities


You were on level 4 of the Dungeon.
You visited 2 branches of the dungeon, and saw 5 of its levels.
You also visited: Ossuary.

You collected 182 gold pieces.

Inventory:

Hand Weapons
 a - a +1 sling (weapon) {Kasem}
 i - a +2 dagger of venom {Lucia}
 j - a +0 sling (offhand) {Ximena}
Armour
 c - a +0 robe (worn)
Jewellery
 g - a ring of resist corrosion (left grasper)
Wands
 V - a wand of flame (16)
Scrolls
 b - 2 scrolls of poison
 d - a scroll of immolation {unknown}
 k - a scroll of noise
 m - a scroll of acquirement {unknown}
 o - a scroll of vulnerability {unknown}
 T - a scroll of teleportation
Potions
 e - 2 potions of enlightenment
 f - a potion of magic {unknown}
 h - 5 potions of invisibility
 l - 2 potions of degeneration {unknown}
 n - 3 potions of heal wounds
 p - a potion of ambrosia {unknown}
 q - a potion of attraction {unknown}
 Q - 2 potions of curing


   Skills:
 - Level 1.0 Fighting
 * Level 6.7 Ranged Weapons
 - Level 1.7 Dodging
 - Level 1.0 Spellcasting
 - Level 5.0 Hexes
 - Level 0.8 Fire Magic


You had 6 spell levels left.
You knew the following spells:

 Your Spells              Type           Power      Damage    Failure   Level
a - Jinxbite              Hex            24%        N/A       6%          2

Your spell library contained the following spells:

 Spells                   Type           Power      Damage    Failure   Level
 Sigil of Binding         Hex            12%        N/A       12%         3
 Inner Flame              Hex/Fire       7%         N/A       26%         3
 Cause Fear               Hex            6%         N/A       36%         4
 Volatile Blastmotes      Fire/Tloc      2%         2d10      58%         3
 Dimensional Bullseye     Hex/Tloc       3%         N/A       71%         4
 Fulminant Prism          Conj/Alch      0%         3d5       96%         4
 Iskenderun's Mystic Bla  Conj/Tloc      0%         2d3       96%         4


Dungeon Overview and Level Annotations

Branches:
Dungeon (4/15)             Temple (1/1) D:4         Ossuary (visited)

Altars:
Ashenzari
Elyvilon
Ru
Vehumet
Zin

Annotations:
D:4 Pikel


Innate Abilities, Weirdness & Mutations

You can wield a second weapon in your off-hand.
It takes a long time for you to wield or remove held weapons.
Your first few attacks do less damage.
Attacking and casting redirects power from your legs.


Message History

The lemure barely misses you.
You shoot a sling bullet.
The sling bullet closely misses the lemure.
The sling bullet hits Pikel but does no damage.
Pikel is lightly wounded.
You shoot a sling bullet. The sling bullet hits the lemure.
You kill the lemure!
That felt strangely unrewarding.
Pikel seems less drained.
Pikel zaps a wand.
Your mind is blasted!
* * * LOW HITPOINT WARNING * * *
You shoot a sling bullet. The sling bullet hits Pikel.
Pikel is moderately wounded.
You shoot a sling bullet. The sling bullet hits Pikel.
Pikel is moderately wounded.
You shoot a sling bullet. The sling bullet hits Pikel.
Pikel is moderately wounded.
You shoot a sling bullet. The sling bullet hits Pikel.
Pikel is heavily wounded.
Pikel zaps a wand.
You barely resist. You shoot a sling bullet.
The sling bullet completely misses Pikel.
The sling bullet hits the lemure.
The lemure is moderately wounded.
You shoot a sling bullet. The sling bullet closely misses Pikel.
The sling bullet hits the lemure.
The lemure is heavily wounded.
Pikel hits you with a +0 whip of flaming!
* * * LOW HITPOINT WARNING * * *
Pikel burns you.
* * * LOW HITPOINT WARNING * * *
You are too injured to fight recklessly!
You are too injured to fight recklessly!
You are too injured to fight recklessly!
You are too injured to fight recklessly!
You shoot a sling bullet. The sling bullet closely misses Pikel.
The sling bullet hits the lemure.
The lemure is heavily wounded.
You shoot a sling bullet. The sling bullet barely misses Pikel.
The sling bullet barely misses the lemure.
Pikel hits you with a +0 whip of flaming!
* * * LOW HITPOINT WARNING * * *
Pikel burns you.
* * * LOW HITPOINT WARNING * * *
Casting: Jinxbite (safe; 6% risk of failure)
Confirm with . or Enter, or press ? or * to list all spells.
You beckon some vexing sprites to accompany your attacks.
You feel your willpower being sapped.
Pikel hits you with a +0 whip of flaming!
You die...
Pikel says, "See you in Hell!"

### ############.#
#.............
#.#####.#.##.# #.#
#.#..... #.#
#.####..
#####.#####<#.....
#..............>..
#@###.#####.#.####
#K# #.# #.#.# #5#
#.#####.#.#### #.#
#.##......##.. #.#
#.##.##.#.##.# #.#
#....##.####+# #.#
###..##.#..... #.#
#..####.....
###.#####....'......


You could see Pikel and a lemure.

Vanquished Creatures
  Duvessa (D:4)
  An ogre (D:4)
  3 lemures (D:4)
  5 water moccasin zombies (Ossuary)
  A burial acolyte (Ossuary)
  Dowan (D:4)
  A bombardier beetle (D:3)
  A crocodile zombie (Ossuary)
  A bullfrog simulacrum (Ossuary)
  2 mummies (Ossuary)
  An adder (D:2)
  4 adder zombies (Ossuary)
  A ribbon worm (D:3)
  7 orcs
  11 ball pythons
  4 bats
  10 endoplasms
  2 giant cockroaches
  11 gnoll zombies (Ossuary)
  10 goblins
  5 hobgoblins
  6 jackals
  6 kobolds
  2 quokkas
  2 frilled lizards
  A jackal zombie (Ossuary)
  2 orc zombies (Ossuary)
  4 rats
106 creatures vanquished.

Vanquished Creatures (others)
  A gnoll zombie (Ossuary)
1 creature vanquished.

Grand Total: 107 creatures vanquished

Notes
Turn   | Place    | Note
-------+----------+-------------------------------------------
     0 | D:1      | Sobieck the Coglin Hexslinger began the quest for the Orb.
     0 | D:1      | Reached XP level 1. HP: 15/15 MP: 2/2
    62 | D:1      | Reached skill level 2 in Ranged Weapons
    72 | D:1      | Reached XP level 2. HP: 20/21 MP: 3/3
    83 | D:1      | Reached skill level 3 in Hexes
   229 | D:1      | Learned a level 2 spell: Jinxbite
   322 | D:1      | Reached XP level 3. HP: 26/26 MP: 4/4
  1033 | D:2      | Reached skill level 3 in Ranged Weapons
  1076 | D:2      | Reached XP level 4. HP: 32/32 MP: 5/5
  1459 | D:3      | Found a radiant altar of Vehumet.
  1754 | D:3      | Found a white marble altar of Elyvilon.
  1945 | D:3      | Reached XP level 5. HP: 37/37 MP: 6/6
  2140 | D:3      | Found a glowing silver altar of Zin.
  2242 | D:4      | Noticed an ogre
  2245 | D:4      | Killed an ogre
  2246 | D:4      | Reached skill level 4 in Ranged Weapons
  2274 | D:4      | Noticed Duvessa
  2274 | D:4      | Noticed Dowan
  2409 | D:4      | Killed Duvessa
  2410 | D:4      | Reached XP level 6. HP: 36/43 MP: 5/7
  2432 | D:4      | Killed Dowan
  2433 | D:4      | Reached skill level 5 in Ranged Weapons
  2641 | D:4      | Found a sand-covered staircase.
  2650 | Ossuary  | Entered an ossuary
  2766 | Ossuary  | Reached XP level 7. HP: 33/48 MP: 8/8
  3127 | Ossuary  | Reached skill level 6 in Ranged Weapons
  3505 | D:4      | Found a sacrificial altar of Ru.
  3578 | D:4      | Found a staircase to the Ecumenical Temple.
  3587 | Temple   | Entered the Ecumenical Temple
  3701 | D:4      | Noticed Pikel
  3714 | D:4      | Slain by Pikel

Illustrated notes

Levels and vault maps discovered:
D:1:      tarquinn_simple_flora_water_e, layout_rooms, minmay_box_of_dots
D:2:      layout_loops_corners
D:3:      layout_loops_corners, mainiacjoe_overflow_swirl,
          mainiacjoe_overflow_surrounded_room
D:4:      nicolae_cairo_tiling_very_big, layout_loops_ring, marbit_many_paths,
          temple_green, mainiacjoe_ossuary_entry_dusty_tomb, uniq_pikel,
          uniq_duvessa
Temple:   ebering_the_one_and_only

Skill      XL: |  1  2  3  4  5  6  7 |
---------------+----------------------+-----
Ranged Weapons | 2 3 4 5 6 |  6.7
Hexes          | 3 4 5 |  5.0
Fighting       | |  1.0
Dodging        | |  1.7
Spellcasting   | |  1.0
Fire Magic     | |  0.8

Action                     |  1- 3 |  4- 6 |  7- 9 || total
---------------------------+-------+-------+-------++-------
   Fire: Sling             |   134 |   234 |   204 ||   572
   Cast: Jinxbite          |       |     5 |     3 ||     8
    Use: Scroll            |       |     7 |     1 ||     8
         Potion            |       |     1 |       ||     1
 Armour: Robe              |    21 |    35 |    35 ||    91
  Dodge: Dodged            |    13 |    25 |    31 ||    69

Table legend: (Time is in decaauts)
 A = Elapsed time spent in this place.
 B = Non-inter-level travel time spent in this place.
 C = Inter-level travel time spent in this place.
 D = Time resting spent in this place.
 E = Time spent auto-exploring this place.
 F = Levels seen in this place.
 G = Mean time per level.
                   A        B        C        D        E       F      G
               +--------+--------+--------+--------+--------+-----+--------+
         Total |   3769 |   3603 |    166 |    674 |   2074 |   6 |  628.2 |
       Dungeon |   3044 |   2878 |    166 |    217 |   2035 |   4 |  761.0 |
        Temple |      5 |      5 |      0 |      0 |      0 |   1 |    5.0 |
       Ossuary |    718 |    718 |      0 |    457 |     39 |   1 |  718.0 |
               +--------+--------+--------+--------+--------+-----+--------+

Top non-repeatable levels by time:
     D:2: 884 daAuts
     D:3: 850 daAuts
     D:4: 747 daAuts
 Ossuary: 718 daAuts
     D:1: 563 daAuts
  Temple: 5 daAuts
